 Dungeon Crawl Stone Soup version 0.30.1-11-g7821555f0a (webtiles) character file.

Game seed: 9006232024422571556

94 porpoise the Shooter (level 4, -4/38 HPs)
             Began as a Minotaur Hunter on Jan 11, 2024.
             Was an Initiate of Hepliaklqana.
             Slain by a gnoll
             ... wielding a +0 halberd
             ... led by a gnoll bouda
              (10 damage)
             ... on level 3 of the Dungeon.
             The game lasted 00:05:33 (1497 turns).

porpoise the Shooter (Minotaur Hunter)              Turns: 1497, Time: 00:05:33

Health: -4/38      AC:  5    Str: 15    XL:     4   Next: 38%
Magic:  3/3        EV: 11    Int:  6    God:    Hepliaklqana [......]
Gold:   41         SH:  0    Dex: 16    Spells: 3/3 levels left

rFire   . . .        a - +0 shortbow
rCold   . . .        (shield currently unavailable)
rNeg    . . .        m - +0 ring mail
rPois   .            (helmet restricted)
rElec   .            (no cloak)
rCorr   .            (no gloves)
SInv    .            (no boots)
Will    .....        (no amulet)
Stlth   +            (no ring)
HPRegen 0.26/turn    (no ring)
MPRegen 0.08/turn

%: no passive effects
@: no status effects
A: horns 2, retaliatory headbutt
a: Renounce Religion


You were on level 3 of the Dungeon.
You worshipped Hepliaklqana.
Hepliaklqana was noncommittal.
You visited 1 branch of the dungeon, and saw 3 of its levels.

You collected 122 gold pieces.
You spent 81 gold pieces at shops.

Inventory:

Hand Weapons
 a - a +0 shortbow (weapon)
 l - a +0 war axe
Armour
 m - a +0 ring mail (worn)
Jewellery
 c - an amulet of magic regeneration
Scrolls
 b - a scroll of immolation
 d - 3 scrolls of magic mapping
 f - a scroll of blinking {unknown}
 g - a scroll of brand weapon {unknown}
 h - a scroll of vulnerability
 j - a scroll of silence {unknown}
 o - a scroll of fear {unknown}
Potions
 e - a potion of brilliance {unknown}
 i - 2 potions of lignification
 k - a potion of magic
 n - a potion of mutation


   Skills:
 + Level 3.5 Fighting
 * Level 5.6 Ranged Weapons
 - Level 2.0 Armour
 - Level 2.1 Dodging
 - Level 0.7 Stealth


You had 3 spell levels left.
You didn't know any spells.
Your spell library contained the following spells:

 Spells                   Type           Power      Damage    Failure   Level
 Poisonous Vapours        Pois/Air       0%         N/A       82%         2
 Mephitic Cloud           Conj/Pois/Air  0%         N/A       96%         3
 Volatile Blastmotes      Fire/Tloc      0%         2d10      96%         3
 Fulminant Prism          Conj/Hex       0%         3d5       100%        4
 Iskenderun's Mystic Bla  Conj/Tloc      0%         2d3       100%        4
 Freezing Cloud           Conj/Ice/Air   0%         6-21      100%        5
 Lee's Rapid Deconstruct  Erth           0%         3d4*      100%        5


Dungeon Overview and Level Annotations

Branches:
Dungeon (3/15)

Altars:
Hepliaklqana

Shops:
D:2 ?*[*[


Innate Abilities, Weirdness & Mutations

You have a pair of horns on your head.
You reflexively headbutt those who attack you in melee.


Message History

The arrow hits the gnoll but does no damage.
The gnoll is almost dead.
The gnoll completely misses you.
The gnoll hits you from afar with a +0 spear.
Fire: a) +0 shortbow
Press: ? - help, Q - select action Shift-Dir - straight line, f/p - gnoll
Aim: a gnoll, wielding a +0 spear (almost dead, covering ground quickly, 66% to hit)
You shoot an arrow. The arrow hits the gnoll!
You kill the gnoll!
Fire: a) +0 shortbow
Press: ? - help, Q - select action Shift-Dir - straight line, f - gnoll bouda
Aim: a gnoll bouda, wielding a +0 whip and wearing a +0 robe (66% to hit)
You shoot an arrow.
The arrow barely misses the gnoll bouda.
The arrow hits the gnoll!
The gnoll is heavily wounded.
Fire: a) +0 shortbow
Press: ? - help, Q - select action Shift-Dir - straight line, f/p - gnoll bouda
Aim: a gnoll bouda, wielding a +0 whip and wearing a +0 robe (66% to hit)
You shoot an arrow. The arrow hits the gnoll bouda!
The gnoll bouda is heavily wounded.
The gnoll bouda misses you.
The gnoll hits you from afar with a +0 halberd.
You aren't carrying any items that you can evoke.
Fire: a) +0 shortbow
Press: ? - help, Q - select action Shift-Dir - straight line, f/p - gnoll bouda
Aim: a gnoll bouda, wielding a +0 whip and wearing a +0 robe (heavily wounded, 66% to hit)
You shoot an arrow. The arrow hits the gnoll bouda.
The gnoll bouda is severely wounded.
The gnoll bouda closely misses you.
The gnoll hits you from afar with a +0 halberd!
* * * LOW HITPOINT WARNING * * *
The gnoll bouda closely misses you.
Fire: a) +0 shortbow
Press: ? - help, Q - select action Shift-Dir - straight line, f/p - gnoll bouda
Aim: a gnoll bouda, wielding a +0 whip and wearing a +0 robe (severely wounded, 66% to hit)
You shoot an arrow. The arrow hits the gnoll bouda.
The gnoll bouda is almost dead.
The gnoll hits you from afar with a +0 halberd!
You die...

,,,,,,,* #.#
,,,,,,,***###.#
,,,,,,,+,,..#.#
,,,,,,,***#.#.#
,,,,,,>* #.#.#####
,,,,,,,* #.#.....#
****+*,* #.#####.#
,,,,,,,* #.#####.#
,,,,,,,***#...gg@.#
,,,,,.......#######
,,,,,..####.***
,,,,,,,,,,..,,**
,,,,,,,,,.PP,,,*
+****,,,PggP,,,* ,*
**,P...g,,,**
,*****.P..Pg,,,,*
,,,,,,,,,,,,,,,,*


You could see a gnoll bouda and a gnoll (swift).

Vanquished Creatures
  3 gnolls (D:3)
  2 adders (D:2)
  2 orcs (D:2)
  3 bats
  2 endoplasms (D:2)
  2 giant cockroaches (D:1)
  3 goblins (D:1)
  5 hobgoblins (D:1)
  3 jackals (D:1)
  2 quokkas (D:1)
  3 ball pythons
  A frilled lizard (D:2)
  8 kobolds
  4 rats
43 creatures vanquished.

Notes
Turn   | Place    | Note
-------+----------+-------------------------------------------
     0 | D:1      | porpoise the Minotaur Hunter began the quest for the Orb.
     0 | D:1      | Reached XP level 1. HP: 18/18 MP: 0/0
   209 | D:1      | Reached XP level 2. HP: 22/25 MP: 1/1
   259 | D:1      | Reached skill level 1 in Armour
   545 | D:1      | Reached skill level 5 in Ranged Weapons
   545 | D:1      | Reached XP level 3. HP: 29/31 MP: 2/2
   750 | D:2      | Found Coleufon's Armour Shoppe.
   915 | D:2      | Found Zitzevuk's Antique Armour Shop.
   930 | D:2      | Found Liode's General Store.
   937 | D:2      | Found a hazy altar of Hepliaklqana.
   945 | D:2      | Became a worshipper of Hepliaklqana the Forgotten
   991 | D:2      | Found Pod Pyu's Magic Scroll Shoppe.
  1086 | D:2      | Found a faded altar of an unknown god.
  1143 | D:2      | Found a transporter.
  1148 | D:2      | Found Qyurghus's Assorted Antiques.
  1150 | D:2      | Found a transporter.
  1155 | D:2      | Bought a sapphire potion for 25 gold pieces
  1189 | D:2      | Bought a scroll of identify for 56 gold pieces
  1488 | D:3      | Reached XP level 4. HP: 19/38 MP: 3/3
  1497 | D:3      | Slain by a gnoll

Illustrated notes

Levels and vault maps discovered:
D:1:      sevenhm_arrival_forest_fort_small_4, layout_loops_cross,
          hangedman_decor_points, serial_bayou_pond_d, st_stairs_9
D:2:      layout_loops_ring, hellmonk_ecumenical_altar_defaced_shrine,
          basic_altar, serial_shops, nicolae_shop_tiny_real_fake_doors,
          nicolae_shop_statue_plus, shop, shop, nicolae_shop_drivethru,
          minmay_misc_feat_cross
D:3:      layout_basic, chequers_serial_rivers_micro_e, nicolae_grassy_gnolls

Skill      XL: |  1  2  3 |
---------------+----------+-----
Armour         | 1 2 |  2.0
Fighting       | 3 |  3.5
Ranged Weapons | 5 |  5.6
Dodging        | |  2.1
Stealth        | |  0.7

Action                     |  1- 3 |  4- 6 || total
---------------------------+-------+-------++-------
   Fire: Shortbow          |   122 |    10 ||   132
    Use: Scroll            |     5 |       ||     5
 Armour: Leather armour    |    10 |       ||    10
         Ring mail         |    11 |       ||    11
  Dodge: Dodged            |    36 |     7 ||    43
